 Dungeon Crawl Stone Soup version 0.27-a0-1525-g1038ab4fd7 (webtiles) character file.

Game seed: 3866418214820801263

168 Wyvernaa the Caller (level 5, -2/36 HPs)
             Began as a Merfolk Summoner on July 9, 2021.
             Killed from afar by Ijyb (8 damage)
             ... with an iceblast
             ... on level 4 of the Dungeon on July 10, 2021.
             The game lasted 00:20:01 (4661 turns).

Wyvernaa the Caller (Merfolk Summoner)              Turns: 4661, Time: 00:20:01

Health: -2/36      AC:  2    Str:  8    XL:     5   Next: 49%
Magic:  1/9        EV: 13    Int: 15    God:
Gold:   110        SH:  0    Dex: 15    Spells: 4/10 levels left

rFire    . . .     SeeInvis .   (no weapon)
rCold    . . .     Faith    .   (no shield)
rNeg     . . .     Spirit   .   a - +0 robe
rPois    .         Reflect  .   (no helmet)
rElec    .         Harm     .   (no cloak)
rCorr    .         Rampage  .   (no gloves)
Will     .....                  (no boots)
Stlth    ++........             (no amulet)
HPRegen  0.12/turn              (no ring)
MPRegen  0.11/turn              (no ring)

@: no status effects
A: (nimble swimmer 2), mertail
a: no special abilities


You were on level 4 of the Dungeon.
You visited 1 branch of the dungeon, and saw 4 of its levels.

You collected 110 gold pieces.

Inventory:

Armour
 a - a +0 robe (worn)
 i - a +3 leather armour
 p - a +0 kite shield
Scrolls
 d - 2 scrolls of teleportation
 f - a scroll of vulnerability
 j - a scroll of enchant weapon
 l - a scroll of enchant armour {unknown}
Potions
 b - a potion of magic {unknown}
 c - a potion of heal wounds {unknown}
 e - a potion of curing
 g - a potion of berserk rage {unknown}
 h - a potion of attraction {unknown}
 n - a potion of lignification {unknown}
 o - a potion of haste {unknown}


   Skills:
 + Level 0.6 Fighting
 + Level 3.3 Dodging
 + Level 2.6 Stealth
 - Level 0.1 Unarmed Combat
 + Level 3.2 Spellcasting
 * Level 5.4 Summonings


You had 4 spell levels left.
You knew the following spells:

 Your Spells              Type           Power      Damage    Failure   Level
a - Summon Small Mammal   Summ           72%        N/A       2%          1
b - Call Imp              Summ           18%        N/A       3%          2
c - Call Canine Familiar  Summ           18%        N/A       6%          3

Your spell library contained the following spells:

 Spells                   Type           Power      Damage    Failure   Level
 Summon Guardian Golem    Hex/Summ       10%        N/A       19%         3
 Stone Arrow              Conj/Erth      4%         3d7       52%         3
 Animate Armour           Summ/Erth      20%        N/A       54%         4
 Summon Lightning Spire   Summ/Air       10%        N/A       54%         4
 Summon Forest            Summ/Tloc      5%         N/A       87%         5
 Summon Mana Viper        Hex/Summ       10%        N/A       87%         5
 Shadow Creatures         Summ           N/A        N/A       97%         6
 Lehudib's Crystal Spear  Conj/Erth      1%         10d2      100%        8


Dungeon Overview and Level Annotations

Branches:
Dungeon (4/15)
 Temple: D:4-7

Altars:
Ru
The Shining One

Shops:
D:4 [

Annotations:
D:4 Ijyb, Purgy


Innate Abilities, Weirdness & Mutations

((You are quick and stealthy near water. (Stealth+, EV+, Speed+++)))
Your lower body shifts to a powerful aquatic tail in water.


Message History

Ijyb closely misses your shadow imp.
Your shadow imp barely misses Ijyb.
Your crimson imp blinks!
Ijyb hits your shadow imp with a +0 club.
Your shadow imp hits Ijyb but does no damage.
Ijyb hits your shadow imp with a +0 club.
Your shadow imp closely misses Ijyb.
Ijyb closely misses your shadow imp.
Your shadow imp hits Ijyb.
Ijyb hits your shadow imp but does no damage.
Your shadow imp completely misses Ijyb.
An endoplasm comes into view.
Casting: Call Imp (safe; 3% risk of failure)
Confirm with . or Enter, or press ? or * to list all spells.
A beastly little devil appears in a puff of flame.
Ijyb hits your shadow imp with a +0 club.
Your shadow imp hits Ijyb.
Your shadow imp barely misses Ijyb.
Ijyb closely misses your shadow imp.
Your shadow imp disappears in a puff of smoke!
Ijyb zaps a wand.
The mass of ice explodes!
The iceblast engulfs you! The iceblast engulfs your crimson imp!!
Your crimson imp is frozen!
Your crimson imp dies!
The iceblast engulfs your iron imp!
Your iron imp partially resists.
You hear an angry hiss.
You swap places.
Your iron imp hits Ijyb.
You feel better.
Ijyb hits your iron imp but does no damage.
Casting: Call Imp (safe; 3% risk of failure)
Confirm with . or Enter, or press ? or * to list all spells.
You don't have enough magic to cast this spell.
Ijyb zaps a wand.
The mass of ice explodes!
The iceblast engulfs you!
* * * LOW HITPOINT WARNING * * *
The iceblast engulfs your crimson imp!
Your crimson imp is frozen!
Your iron imp misses Ijyb.
Ijyb screams, "It's all mine!"
Ijyb hits your crimson imp with a +0 club!
Your crimson imp dies!
Ijyb zaps a wand.
The mass of ice explodes!
The iceblast engulfs you!
You die...

#≈≈≈≈≈≈≈####8..8.......#
######).####....####.###
.######.#..>....# .#
..........#....#####.#
...#.###..#######5g.J# .#
.....###..#######.####..#
....#.............#......
......###..######...#
...#### #.......@.### #.
...# #.#...######.... ####
#...#.##.....# #
###...#....######.#
#######............#....#
....(....####.####.T.#######
......#### #.# #..#...<5..#
......# #.##..########...#
####### #.#..# #....


You could see Ijyb (ally target) and a friendly iron imp (summoned).

Vanquished Creatures
  An adder (D:3)
  An endoplasm (D:1)
  A hobgoblin (D:1)
  A frilled lizard (D:2)
  A goblin skeleton (D:3)
5 creatures vanquished.

Vanquished Creatures (collateral kills)
  A black bear (D:3)
  A crimson imp (D:3)
  2 hounds (D:4)
  Natasha (D:4)
  4 adders
  3 dart slugs
  A ball python (D:1)
  4 endoplasms
  3 giant cockroaches
  5 hobgoblins
  3 quokkas
  6 bats
  3 frilled lizards
  2 goblin zombies (D:3)
  A hobgoblin zombie (D:3)
  8 kobolds
  2 kobold zombies (D:3)
  An orc skeleton (D:3)
  An orc zombie (D:3)
  3 rats
55 creatures vanquished.

Grand Total: 60 creatures vanquished

Notes
Turn   | Place    | Note
-------+----------+-------------------------------------------
     0 | D:1      | Wyvernaa the Merfolk Summoner began the quest for the Orb.
     0 | D:1      | Reached XP level 1. HP: 13/13 MP: 3/3
   329 | D:1      | Upgraded the game from 0.27-a0-1502-g47ed6a6988 to
                  | 0.27-a0-1513-g2aaa0cc67b
   540 | D:1      | Reached XP level 2. HP: 19/19 MP: 1/5
   544 | D:1      | Learned a level 2 spell: Call Imp
   707 | D:1      | You fall into a shaft and drop 1 floor!
  1932 | D:2      | Found a sacrificial altar of Ru.
  1979 | D:2      | Reached XP level 3. HP: 19/24 MP: 2/6
  2132 | D:2      | Learned a level 3 spell: Call Canine Familiar
  2725 | D:3      | Noticed a black bear
  2742 | D:3      | Killed a black bear
  2743 | D:3      | Reached skill level 5 in Summonings
  2743 | D:3      | Reached XP level 4. HP: 30/30 MP: 3/8
  3179 | D:3      | Found a faded altar of an unknown god.
  3448 | D:3      | Found a glowing golden altar of the Shining One.
  3539 | D:3      | Reached XP level 5. HP: 18/35 MP: 6/9
  3866 | D:4      | Noticed Natasha
  3870 | D:4      | Killed Natasha
  4021 | D:4      | Noticed Purgy
  4022 | D:4      | Upgraded the game from 0.27-a0-1513-g2aaa0cc67b to
                  | 0.27-a0-1525-g1038ab4fd7
  4381 | D:4      | Found Ustrisir's Antique Armour Boutique.
  4518 | D:4      | Identified a scroll of acquirement
  4519 | D:4      | Acquired a book of the Dryads
  4639 | D:4      | Noticed Ijyb
  4661 | D:4      | Killed from afar by Ijyb

Illustrated notes

Levels and vault maps discovered:
D:1:      tarquinn_simple_flora_water_a, layout_basic, st_stairs_14,
          minmay_box_of_dots
D:2:      layout_loops_ring, basic_altar
D:3:      layout_basic, nicolae_tso_besieged_by_evil,
          chequers_ecumenical_altar_simple, skrybe_limestone_x
D:4:      wander_river, layout_rooms, serial_shops, nicolae_shop_crystal,
          uniq_ijyb, uniq_purgy, uniq_natasha

Skill      XL: |  1  2  3  4  5 |
---------------+----------------+-----
Dodging        | 3 |  3.3
Summonings     | 5 |  5.4
Spellcasting   | 3 |  3.2
Fighting       | |  0.6
Stealth        | |  2.6
Unarmed Combat | |  0.1

Action                   |  1- 3 |  4- 6 || total
-------------------------+-------+-------++-------
Melee: Unarmed           |    38 |    39 ||    77
 Cast: Summon Small Mamm |    15 |       ||    15
       Call Imp          |    35 |    29 ||    64
       Call Canine Famil |       |     1 ||     1
  Use: Scroll            |     3 |     3 ||     6
       Potion            |       |     2 ||     2
 Stab: Distracted        |     1 |     1 ||     2
       Sleeping          |       |     2 ||     2
Armor: Robe              |    13 |    11 ||    24
Dodge: Dodged            |    74 |    37 ||   111

Table legend: (Time is in decaauts)
 A = Elapsed time spent in this place.
 B = Non-inter-level travel time spent in this place.
 C = Inter-level travel time spent in this place.
 D = Time resting spent in this place.
 E = Time spent auto-exploring this place.
 F = Levels seen in this place.
 G = Mean time per level.
                   A        B        C        D        E       F      G
               +--------+--------+--------+--------+--------+-----+--------+
         Total |   4650 |   4555 |     95 |   1208 |   2043 |   4 | 1162.5 |
       Dungeon |   4650 |   4555 |     95 |   1208 |   2043 |   4 | 1162.5 |
               +--------+--------+--------+--------+--------+-----+--------+

Top non-repeatable levels by time:
     D:1: 1874 daAuts
     D:3: 1474 daAuts
     D:2: 826 daAuts
     D:4: 475 daAuts
